 Dungeon Crawl Stone Soup version 0.27.1-34-g3ba077fa99 (webtiles) character file.

Game seed: 9858410797359213970

149 Gabide the Poker (level 5, -1/39 (41) HPs)
             Began as a Human Monk on Jan 10, 2022.
             Slain by Crazy Yiuf (6 damage)
             ... on level 2 of the Dungeon.
             The game lasted 00:06:42 (3360 turns).

Gabide the Poker (Human Monk)                       Turns: 3360, Time: 00:06:43

HP:   -1/39 (41)    AC:  2    Str: 11    XL:     5   Next: 56%
MP:   5/5           EV: 13    Int: 11    God:
Gold: 36            SH:  0    Dex: 16    Spells: 4/4 levels left

rFire    . . .     SeeInvis .   a - +1 spear
rCold    . . .     Faith    .   (no shield)
rNeg     . . .     Spirit   .   b - +0 robe
rPois    .         Reflect  .   (no helmet)
rElec    .         Harm     .   (no cloak)
rCorr    .         Rampage  .   (no gloves)
Will     +....                  (no boots)
Stlth    ++........             (no amulet)
HPRegen  0.13/turn              g - ring of willpower
MPRegen  0.09/turn              (no ring)

@: lightly drained
A: no striking features
a: no special abilities


You were on level 2 of the Dungeon.
You visited 1 branch of the dungeon, and saw 2 of its levels.

You collected 36 gold pieces.

Inventory:

Hand Weapons
 a - a +1 spear (weapon)
Armour
 b - a +0 robe (worn)
Jewellery
 g - a ring of willpower (left hand)
Scrolls
 d - a scroll of silence
Potions
 c - a potion of ambrosia {unknown}
 e - a potion of curing


   Skills:
 * Level 3.5 Fighting
 + Level 4.1 Polearms
 * Level 3.8 Dodging
 + Level 3.3 Stealth


You had 4 spell levels left.
You didn't know any spells.
Your spell library was empty.

Dungeon Overview and Level Annotations

Branches:
Dungeon (2/15)

Altars:
Qazlal

Shops:
D:2 *

Annotations:
D:2 Crazy Yiuf


Message History

You open the door.
Crazy Yiuf yells, "Sif Muna water eyeball!"
Throw: 2 throwing nets
Press: ? - help, Q - select action Shift-Dir - straight line, f - Crazy Yiuf
Aim: Crazy Yiuf, wielding a +2 quarterstaff of chaos and wearing a +0 cloak (64% to hit)
You throw a throwing net.
The throwing net closely misses Crazy Yiuf.
Crazy Yiuf hits you with a +2 quarterstaff of chaos!
Throw: throwing net
Press: ? - help, Q - select action Shift-Dir - straight line, f/p - Crazy Yiuf
Aim: Crazy Yiuf, wielding a +2 quarterstaff of chaos and wearing a +0 cloak (64% to hit)
You throw a throwing net. The throwing net hits Crazy Yiuf.
Crazy Yiuf is caught in the net!
Crazy Yiuf screams, "Defame!
Citrus chair bush."
Crazy Yiuf struggles against the net.
Okay, then.
You strike the helpless Crazy Yiuf from behind!
You hit Crazy Yiuf.
Crazy Yiuf is lightly wounded.
Crazy Yiuf struggles against the net.
You hit Crazy Yiuf but do no damage.
Crazy Yiuf is lightly wounded.
Crazy Yiuf struggles against the net.
You hit Crazy Yiuf.
Crazy Yiuf is moderately wounded.
Crazy Yiuf struggles against the net.
You hit Crazy Yiuf.
Crazy Yiuf is heavily wounded.
Crazy Yiuf struggles against the net.
The net rips apart, and Crazy Yiuf comes free!
You hit Crazy Yiuf.
Crazy Yiuf is heavily wounded.
Crazy Yiuf hits you with a +2 quarterstaff of chaos!
You feel drained.
You hit Crazy Yiuf but do no damage.
Crazy Yiuf is heavily wounded.
Crazy Yiuf hits you with a +2 quarterstaff of chaos!
* * * LOW HITPOINT WARNING * * *
Crazy Yiuf burns you.
You die...

##..####.# #....# #[#
♣....♣ #.##### ♣♣♣..♣
#.....## ♣.♣♣ ##.....##
♣♣.♣ #.......# ### ♣.♣♣
#.......# ..#### ♣♣.♣
#.......# .....# ♣@♣♣
#......### ..##.# #g#
#........## .###.### ...
#.........## ..##>..#####
#...# #..>........
...........# #)(.#
##.....###.. #.#####..###
##### ##...####.. #.#
#....# #......... #.#
#....#############.######..
#.#
###...#.##...........##....


You could see Crazy Yiuf.

Vanquished Creatures
  Jessica (D:2)
  5 gnolls
  2 adders
  4 dart slugs
  An orc (D:2)
  4 ball pythons
  4 bats
  5 endoplasms
  A giant cockroach (D:1)
  5 goblins
  4 hobgoblins
  4 quokkas
  2 frilled lizards
  3 kobolds
  7 rats
52 creatures vanquished.

Notes
Turn   | Place    | Note
-------+----------+-------------------------------------------
     0 | D:1      | Gabide the Human Monk began the quest for the Orb.
     0 | D:1      | Reached XP level 1. HP: 18/18 MP: 1/1
   183 | D:1      | Reached XP level 2. HP: 24/24 MP: 2/2
   850 | D:1      | Reached XP level 3. HP: 29/29 MP: 3/3
  1799 | D:1      | Reached XP level 4. HP: 35/35 MP: 4/4
  2010 | D:2      | Found a stormy altar of Qazlal.
  2065 | D:2      | Noticed Jessica
  2072 | D:2      | Killed Jessica
  2191 | D:2      | Reached XP level 5. HP: 25/41 MP: 5/5
  2328 | D:2      | Reached skill level 4 in Polearms
  2629 | D:2      | Found a runed translucent door.
  2630 | D:2      | Noticed Crazy Yiuf
  2658 | D:2      | Found Xeecvaaz's Assorted Antiques.
  2799 | D:2      | Found a faded altar of an unknown god.
  3360 | D:2      | Slain by Crazy Yiuf

Illustrated notes

Levels and vault maps discovered:
D:1:      shiori_arrival_elements, layout_loops_ring, st_stairs_14
D:2:      minmay_chambers_of_ones, layout_rooms, basic_altar, serial_shops,
          shop, hellmonk_ecumenical_altar_zigzags, uniq_jessica,
          uniq_crazy_yiuf_cottage

Skill      XL: |  1  2  3  4  5 |
---------------+----------------+-----
Stealth        | 3 |  3.3
Polearms       | 4 |  4.1
Fighting       | |  3.5
Dodging        | |  3.8

Action                   |  1- 3 |  4- 6 || total
-------------------------+-------+-------++-------
Melee: Spear             |    86 |   133 ||   219
Throw: Throwing net      |     1 |     3 ||     4
  Use: Scroll            |     3 |     3 ||     6
       Potion            |     2 |     2 ||     4
 Stab: Sleeping          |     9 |     6 ||    15
       Invisible         |       |     2 ||     2
       Held in net/web   |       |     1 ||     1
Armor: Robe              |    10 |     9 ||    19
Dodge: Dodged            |    55 |    57 ||   112
